 Dungeon Crawl Stone Soup version 0.28.0 (webtiles) character file.

Game seed: 6436216773517964736

209 Nonny the Covered (level 5, 0/25 HPs)
             Began as a Vine Stalker Wanderer on Feb 6, 2022.
             Succumbed to a kobold's poison
             ... in a sewer.
             The game lasted 00:19:36 (2306 turns).

Nonny the Covered (Vine Stalker Wanderer)           Turns: 2306, Time: 00:19:37

Health: 0/25       AC: 10    Str: 14    XL:     5   Next: 87%
Magic:  8/8        EV:  8    Int: 14    God:
Gold:   79         SH:  8    Dex: 14    Spells: 6/7 levels left

rFire   . . .      SeeInvis .   i - +0 mace
rCold   . . .      Faith    .   g - +0 kite shield
rNeg    . . .      Spirit   +   d - +0 chain mail
rPois   .          Reflect  .   (no helmet)
rElec   .          Harm     .   (no cloak)
rCorr   .          Rampage  .   (no gloves)
Will    .....                   a - +0 pair of boots
Stlth   ..........              j - amulet of magic regeneration
HPRegen 0.88/turn               k - +4 ring of evasion
MPRegen 0.51/turn               (no ring)

@: mighty, lethally poisoned (0 -> -9), flying
A: fangs 2, regeneration 1, magic shield, antimagic bite, no potion heal 2
a: no special abilities


You were in a sewer.
You visited 1 branch of the dungeon, and saw 3 of its levels.
You also visited: Sewer.

You collected 79 gold pieces.

Inventory:

Hand Weapons
 i - a +0 mace (weapon)
Missiles
 c - 44 stones
Armour
 a - a +0 pair of boots (worn)
 d - a +0 chain mail (worn)
 g - a +0 kite shield (worn)
Jewellery
 j - an amulet of magic regeneration (around neck)
 k - a +4 ring of evasion (left hand)
Scrolls
 e - a scroll of noise
Potions
 b - a potion of attraction


   Skills:
 + Level 1.5 Fighting
 - Level 1.7 Throwing
 + Level 4.4 Armour
 - Level 1.0 Dodging
 + Level 1.5 Shields
 - Level 1.6 Spellcasting
 - Level 2.0 Earth Magic
 - Level 1.0 Evocations


You had 6 spell levels left.
You knew the following spells:

 Your Spells              Type           Power      Damage    Failure   Level
a - Sandblast             Erth           12%        2d6       100%        1

Your spell library contained the following spells:

 Spells                   Type           Power      Damage    Failure   Level
 Blink                    Tloc           2%         N/A       100%        2
 Lesser Beckoning         Tloc           1%         N/A       100%        3
 Stone Arrow              Conj/Erth      8%         3d7       100%        3
 Manifold Assault         Tloc           1%         N/A       100%        5


Dungeon Overview and Level Annotations

Branches:
Dungeon (3/15)              Sewer (1/1)

Altars:


Innate Abilities, Weirdness & Mutations

You have extremely sharp teeth.
Your natural rate of healing is unusually fast.
When hurt, damage is shared between your health and your magic reserves.
Your bite disrupts and absorbs the magic of your enemies.
Potions cannot restore your health.


Message History

You hit the kobold brigand but do no damage.
The kobold brigand is lightly wounded.
You feel very sick.
The kobold throws a poisoned dart.
The poisoned dart hits you!
You are more poisoned.
The kobold shoots a bolt.
The bolt hits you but does no damage.
Unknown command.
You hit the kobold brigand.
You bite the kobold brigand, but do no damage.
The kobold brigand is lightly wounded.
* * * LOW HITPOINT WARNING * * *
You feel very sick.
The kobold brigand hits you with a +0 whip.
The kobold shoots a bolt.
You block the bolt. The kobold hits you but does no damage.
The kobold brigand hits you but does no damage.
Unknown command.
Unknown command.
* * * LOW HITPOINT WARNING * * *
You feel very sick.
The kobold shoots a bolt.
The bolt barely misses you.
The kobold throws a poisoned dart.
You block the poisoned dart.
The kobold brigand throws a poisoned dart.
You block the poisoned dart.
It was a potion of might.
You feel very mighty all of a sudden.
* * * LOW HITPOINT WARNING * * *
You feel sick.
Enter note: yellow potion - might
Okay, then.
Okay, then.
Okay, then.
Hit: i) +0 mace
Press: ? - help, Dir - move target, f - you
Okay, then.
You feel sick.
The kobold shoots a bolt.
The bolt barely misses you.
The kobold throws a poisoned dart.
The poisoned dart hits you!
You are lethally poisoned!
The kobold throws a stone.
The stone barely misses you.
You die...

#..≈≈≈.≈# #≈≈≈≈≈≈.#
#.≈≈≈≈≈)# #.≈≈≈≈≈.#
#.≈≈≈K)≈# #..≈≈K..#
#..≈≈K..#############
#.≈≈≈K≈≈≈≈≈≈≈≈≈≈≈≈≈≈≈
#.≈≈@≈.≈#############
##.≈≈≈.## #.≈≈≈.#
#.≈≈≈.# ∩..≈≈≈.#
##.≈≈≈.# #.≈≈≈.#
##≈≈≈##


You could see a kobold brigand and 3 kobolds.

Vanquished Creatures
  A kobold brigand (Sewer)
  A jelly (D:3)
  A river rat (Sewer)
  3 adders
  4 worms
  A dart slug (D:1)
  5 bats
  5 endoplasms
  A giant cockroach (D:2)
  7 goblins
  7 hobgoblins
  A jackal (D:2)
  4 quokkas
  6 ball pythons
  4 frilled lizards
  2 kobolds
  11 rats
64 creatures vanquished.

Notes
Turn   | Place    | Note
-------+----------+-------------------------------------------
     0 | D:1      | Nonny the Vine Stalker Wanderer began the quest for the
                  | Orb.
     0 | D:1      | Nonny set off with the following items: a +0 club, a potion
                  | of attraction, 26 stones, a +0 chain mail; and the
                  | following spell memorised: Sandblast; and the following
                  | spells available to memorise: Stone Arrow
     0 | D:1      | Reached XP level 1. HP: 9/9 MP: 3/3
     0 | D:1      | Chaincaster, but not even able to reliably cast the first
                  | spell? Okay then.
   238 | D:1      | Starting vault: fat arrow with doors to get out
   296 | D:1      | Actually, it appears to be a 4way floor, so
   296 | D:1      | Starting vault: square chamber with tiled floor.
   309 | D:1      | Reached XP level 2. HP: 12/13 MP: 4/4
   322 | D:1      | Reached skill level 3 in Armour
   443 | D:1      | 0 fighting skill is painful so far.
   452 | D:1      | This chain mail makes me tanky but I've had some close
                  | calls.
   703 | D:1      | dented blue amulet - magic regen
   894 | D:1      | Reached XP level 3. HP: 15/16 MP: 5/5
  1099 | D:1      | TOELIS MISKIP - immolation
  1100 | D:1      | GIMAFF FU VYPS - amnesia
  1101 | D:1      | YSEAJ VOGHE - teleportation
  1237 | D:2      | kite shield
  1338 | D:2      | plain boots
  1450 | D:1      | Northern D:2 uphatch isn't too viable.
  1580 | D:2      | Book of Spatial Transloations
  1580 | D:2      | *Translocations
  1702 | D:2      | Gained mutation: Your natural rate of healing is unusually
                  | fast. [Vine Stalker growth]
  1702 | D:2      | Reached XP level 4. HP: 6/21 MP: 7/7
  1706 | D:2      | MEMAIQ ZIRPHENN - noise
  1943 | D:2      | Vault: stone wall lajatang shape?
  1944 | D:2      | +4 evasion ring from somewhere on this floor
  2132 | D:3      | Reached skill level 1 in Fighting
  2132 | D:3      | Reached skill level 4 in Armour
  2132 | D:3      | Reached XP level 5. HP: 24/25 MP: 6/8
  2189 | D:3      | Found a glowing drain.
  2193 | D:3      | Sewer entrance is towards the center of the floor.
  2222 | D:3      | It has worms and frilled lizards guarding the entrance.
  2223 | Sewer    | Entered a sewer
  2224 | Sewer    | Rats hallway start.
  2268 | Sewer    | Noticed a kobold brigand
  2270 | Sewer    | OHERIG LEFUEC - scroll of summoning
  2270 | Sewer    | Two bats. Hooray.
  2271 | Sewer    | Noticed a kobold brigand
  2279 | Sewer    | viscous amethyst potion - curing
  2290 | Sewer    | Killed a kobold brigand
  2291 | Sewer    | Reached skill level 1 in Shields
  2294 | Sewer    | sapphire potion - air
  2305 | Sewer    | yellow potion - might
  2306 | Sewer    | Succumbed to a kobold's poison

Illustrated notes ####### #.....# #.....# +..@..+ #.....# #.....# ####### Turn 0 on D:1: Chaincaster, but not even able to reliably cast the first spell? Okay then. #.# #######.## ###.# ##.## #.....#..## ##.#.# ##...####.....#...####....#### #.......'..<..'...').......... #.....####.....#...#.##.....## #.....## #.....#..##.###.#..# #.....# #######.###......).# #.....# #...## #..##.##.# ##...## ##@## #..##.##.# ##.# #.# #.....##.# #. #.# ##.##....# ##)## #.####### ##...## #.# #>....####.# ##.........# .........##### #######.## Turn 238 on D:1: Starting vault: fat arrow with doors to get out #........ ####.##...# #.........##.# ........$.. #.#...###.# #.........# #.##.###### #.#####.##.# #.....@.##.# ##########.# #.# #.# ## #.# .. ######.##.##### ####.............# #.....###.##.###.. #.....##...#.# Turn 296 on D:1: Actually, it appears to be a 4way floor, so #.......# ##.......## #.......# ##.....## ###...### #...# +# ###.# ####.##### #.# #........ #.# ####.##...# #)####.........##. ##@#............$.. #....##.##.#...###. #.......##......... #....#####.##.##### ####.#####.##.# #.......##.# ##########.# #.# #.# # Turn 443 on D:1: 0 fighting skill is painful so far. #.....####.........# ###........+.........+ #.......####....)....# #.......# ##.......## #.......# ##.....## ###...### #...# +# ###.# ####.##### #.# #.@....... #.# ####.##...##. #)####.........##.# ##.#............$.. #....##.##.#...###.# #.......##.........# #....#####.##.###### ####.#####.##.# #.......##.# Turn 452 on D:1: This chain mail makes me tanky but I've had some close calls. .# ## ######## ####....... .....# ##### ####.# #.@.##### ...#.##### #.#....... ##..†....#.# #...###### ###.###.#.# ##.## ####.###.#.# #.# ...........# #.# ####.......# #.# ##...#.## #.# #.....# #.# Turn 703 on D:1: dented blue amulet - magic regen #.....## #.....#..##.###.#..# #.....# #######.###......).# #.....# #...## #..##.##.# ##...## ##'## #..##.##.# ##.## #.# #.....##.# #.# #.# ##.##....# #.# ##)## #.####### #.# ##...## #.# #.#########@....####.# #........###.........# ########.........##### ########.## ### Turn 1099 on D:1: TOELIS MISKIP - immolation #.....## #.....#..##.###.#..# #.....# #######.###......).# #.....# #...## #..##.##.# ##...## ##'## #..##.##.# ##.## #.# #.....##.# #.# #.# ##.##....# #.# ##)## #.####### #.# ##...## #.# #.#########@....####.# #........###.........# ########.........##### ########.## ### Turn 1100 on D:1: GIMAFF FU VYPS - amnesia #.....## #.....#..##.###.#..# #.....# #######.###......).# #.....# #...## #..##.##.# ##...## ##'## #..##.##.# ##.## #.# #.....##.# #.# #.# ##.##....# #.# ##)## #.####### #.# ##...## #.# #.#########@....####.# #........###.........# ########.........##### ########.## ### Turn 1101 on D:1: YSEAJ VOGHE - teleportation .. #.# #.# . #># .. #.# .# #.####.# ##.#..$.# # #@......# # #.......# # #.......# # ####....# # #############.#.# # #...............# # ####<###########.### #####.##.###########.# )....#....##.........# Turn 1237 on D:2: kite shield # .# ####..# #.....# #@# ##> #.# ...# #.# #..# #.# #..# # #.# #..# # #.# #..# # #.# #..###### #.##### #........ #.....# ##.#####. Turn 1338 on D:2: plain boots

# #.# #..##.# # #.# #..##.#
### ##'## #.....# ..#
##...## ##.#### #.#####
##(....## #####.####
......###.......###........#
......##.........##.#...##.#
.###...'.........'.......#.#
.# #..##........@##.#...#..#
.###..###.......###.##.#.#.#
......####.)...## #.####.#.#
##.####.......## #.####.#.#
#.# #.####..#####........#
#.# #.# #........####.###
#.# #.####...####.# #.#
#.####.##.......##.# #.#
#.............#.##.# #.#


Turn 1450 on D:1: Northern D:2 uphatch isn't too viable. ######(.. .####
#........ ..... ....#.##..## #........# ###......### #..J........ #.#.........
#.#.#....####...# #.#@#.##.# #...# #.#.#.# ####...# #.#.#.# ..#...# #.#...)
......# #.###.# #.##..# #.###.# #.##..# #.#...#####.##..# #..###..........# #..#
#.####.###.# Turn 1580 on D:2: Book of Spatial Transloations ############
############## #..........####<...........# #.########.<.......#######.# #.#
#..###.##......##.# #.########..# #@##..###.##.# #
##.##.....>..###w##....#.##.##### .........#.......###.#...........
......#....#.....###.....##.##### ##.#.#.###........#########.# # .#.##.##
########.########### ......# .................. .#....# ..####....#...##..
.###### #....#...# ##### Turn 1706 on D:2: MEMAIQ ZIRPHENN - noise
##.#.#.....#.###...#....# #.###..#####..##...#....### ##.#.###
###...........)... ##..# #.###########.#### #..# #.# #..# ##.# #..# #.# #..#
#..# ####..# #.# #..#####.### #.....# #.# #..........# #.###.#####@#
####.#####.# #.# #.......# #.# #.# #.# ######..# #<# #.# #.# #..# #.# #.# #.#
#..# #.# #># #.# #..# #.# #.# #.# #..######.# #.# #.##### #.........# #.#
#.....# ##.#####..# #.### Turn 1943 on D:2: Vault: stone wall lajatang shape?
##.#.#.....#.###...#....# #.###..#####..##...#....### ##.#.###
###...........)... ##..# #.###########.#### #..# #.# #..# ##.# #..# #.# #..#
#..# ####..# #.# #..#####.### #.....# #.# #..........# #.###.#####@#
####.#####.# #.# #.......# #.# #.# #.# ######..# #<# #.# #.# #..# #.# #.# #.#
#..# #.# #># #.# #..# #.# #.# #.# #..######.# #.# #.##### #.........# #.#
#.....# ##.#####..# #.### Turn 1944 on D:2: +4 evasion ring from somewhere on
this floor ..... #.... ... .... ##### ####.... ... ... #...# #....... .... ...
#...# #.##.... ≈≈≈≈≈ #.# #...# #....... ≈≈≈≈≈##.# #...# ###.#### .....≈≈.###...#
#.# ..≈.w≈≈.......#####.# ..∩..≈≈@............#### .....≈≈.................
.....≈≈................. ≈≈≈≈≈##..........##..... ≈≈≈≈≈ #.....####.##..... ....
.......# ....##### #... .##...## #.... #... #.. ##### ......#.## .......#.# Turn
2193 on D:3: Sewer entrance is towards the center of the floor. #..........#
###..........##### ### ###............#...# #.. #............. #...# #.# #..
#≈≈≈≈≈##.# #...# #.. #..##≈≈≈≈≈##.# #...# ### ####+.≈≈.....≈≈.###...# #
......≈≈..≈..≈≈.......##### .......†..@..≈≈............
......≈≈.....≈≈............ ......≈≈.....≈≈............
.....≈##≈≈≈≈≈##..........## ...... #≈≈≈≈≈##.....####.## ....................#
.... ..... ..#.....##...## #.... ........#.....###### ..... ...... Turn 2222 on
D:3: It has worms and frilled lizards guarding the entrance. ###############
≈..rrr.@∩..r..r ############### Turn 2224 on Sewer: Rats hallway start.
####.#### #..≈K.≈.# #..K≈≈K≈# #≈≈≈≈≈≈.# #.≈≈≈≈≈.# #.≈≈≈≈≈.# #.≈≈≈b≈≈# #..≈≈≈@.#
#..≈≈≈..############### #.≈≈b≈≈≈≈≈≈≈≈≈≈≈≈≈≈≈≈≈≈ #.≈≈≈≈.≈###############
##.≈≈≈.## #.≈≈≈.# #.≈≈≈.# ∩..≈≈≈.# ##.≈≈≈.# Turn 2270 on Sewer: OHERIG LEFUEC -
scroll of summoning ... .. ####.#### #..≈..≈.# #..≈≈K.≈# #≈≈≈≈≈K.# #.≈≈≈≈KK#
#.≈≈≈bK@# #.≈≈≈≈≈≈# #..≈≈≈..# #..≈≈≈..################ #.≈≈≈≈≈≈≈≈≈≈≈≈≈≈≈≈≈≈≈≈≈≈
#.≈≈≈≈.≈################ ##.≈≈≈.## #.≈≈≈.# #.≈≈≈.# Turn 2279 on Sewer: viscous
amethyst potion - curing ... .. ####.#### #..≈..≈.# #..≈≈≈.≈# #≈≈≈≈≈≈K#
#.≈≈≈≈KK# #.≈≈≈≈K@# #.≈≈≈≈)≈# #..≈≈≈..# #..≈≈≈..################
#.≈≈≈≈≈≈≈≈≈≈≈≈≈≈≈≈≈≈≈≈≈≈ #.≈≈≈≈.≈################ ##.≈≈≈.## #.≈≈≈.# #.≈≈≈.# Turn
2294 on Sewer: sapphire potion - air ####.#### #..≈..≈.# #..≈≈≈.≈# #≈≈≈≈≈≈.#
#.≈≈≈≈≈)# #.≈≈≈≈≈.# #.≈≈≈K)≈# #..≈≈K..# #..@≈K..############
#.≈≈≈K≈≈≈≈≈≈≈≈≈≈≈≈≈≈ #.≈≈≈≈.≈############ ##.≈≈≈.## #.≈≈≈.# #.≈≈≈.# ∩..≈≈≈.#
##.≈≈≈.# #.≈≈≈.# Turn 2305 on Sewer: yellow potion - might

Levels and vault maps discovered:
D:1:      minmay_arrival_checkered_box, layout_loops_corners
D:2:      minmay_recursive_quarters, layout_loops_ring
D:3:      layout_basic, cheibrodos_sewer_entry_sluice, serial_shops,
          nicolae_square_shop
Sewer:    sewer_kobolds

Skill      XL: |  1  2  3  4  5 |
---------------+----------------+-----
Armour         | 3 4 |  4.4
Fighting       | 1 |  1.5
Shields        | 1 |  1.5
Throwing       | |  1.7
Dodging        | |  1.0
Spellcasting   | |  1.6
Earth Magic    | |  2.0
Evocations     | |  1.0

Action                   |  1- 3 |  4- 6 || total
-------------------------+-------+-------++-------
Melee: Club              |    89 |       ||    89
       Bite              |    23 |    34 ||    57
       Mace              |    32 |    94 ||   126
  Use: Scroll            |     3 |     2 ||     5
       Potion            |       |     3 ||     3
Armor: Chain mail        |    81 |    58 ||   139
Dodge: Dodged            |    36 |    38 ||    74
Block: Kite shield       |    10 |    55 ||    65
